 Dungeon Crawl Stone Soup version 0.29-a0-559-g359e09b (webtiles) character file.

Game seed: 11562571014644663338

1756 Illumine the Basher (level 9, -13/78 HPs)
             Began as a Meteoran Berserker on June 9, 2022.
             Was a Believer of Trog.
             Mangled by a death yak (17 damage)
             ... on level 8 of the Dungeon.
             The game lasted 00:09:43 (1465 turns).

Illumine the Basher (Meteoran Berserker)            Turns: 1465, Time: 00:09:43

Health: -13/78     AC:  9    Str: 23    XL:     9   Next: 52%
Magic:  10/10      EV: 12    Int: 10    God:    Trog [**....]
Gold:   43         SH:  0    Dex: 13    Spells: 8/8 levels left

rFire   . . .      SeeInvis .   l - +2 mace (vorpal)
rCold   . . .      Faith    .   (no shield)
rNeg    . . .      Spirit   .   a - +0 scale mail
rPois   +          Reflect  .   (no helmet)
rElec   .          Harm     .   (no cloak)
rCorr   .          Rampage  .   g - +0 pair of gloves
Will    +++..                   (no boots)
Stlth   ..........              (no amulet)
HPRegen 1.23/turn               (no ring)
MPRegen 0.12/turn               (no ring)

@: strong-willed, on berserk cooldown, regenerating, slowed, glowing, very slow
A: sense surroundings 2, otherworldly, glowing, explore regen, poison resistance
a: Renounce Religion, Berserk, Trog's Hand


You were on level 8 of the Dungeon.
You worshipped Trog.
Trog was pleased with you.
You visited 1 branch of the dungeon, and saw 8 of its levels.

You collected 73 gold pieces.
You spent 30 gold pieces at shops.

Inventory:

Hand Weapons
 l - a +2 vorpal mace (weapon)
Missiles
 h - 4 poisoned darts (quivered)
Armour
 a - a +0 scale mail (worn)
 b - a +0 animal skin
 g - a +0 pair of gloves (worn)
Jewellery
 k - a ring of positive energy
Wands
 n - a wand of charming (12)
Scrolls
 c - a scroll of enchant armour
 d - a scroll of immolation {unknown}
 o - a scroll of acquirement {unknown}
Potions
 e - 2 potions of flight
 j - a potion of attraction
 m - a potion of curing


   Skills:
 + Level 6.4 Fighting
 * Level 10.1 Maces & Flails
 + Level 6.5 Armour
 + Level 6.5 Dodging


You had 8 spell levels left.
You didn't know any spells.
Your spell library was empty.

Dungeon Overview and Level Annotations

Branches:
Dungeon (8/15)               Lair (0/6) D:8
 Temple: D:4-7

Altars:

Shops:
D:3 !=[   D:4 (   D:7 !

Annotations:
D:3 Sigmund
D:5 2 transporters, Caerwyn's ghost, novice VSFi


Innate Abilities, Weirdness & Mutations

You passively map the area around you.
You are easily found by Zot.
You glow in the dark.
You regain HP and MP as you explore.
Your system is resistant to poisons. (rPois)


Message History

Your Fighting skill increases to level 6!
Your Maces & Flails skill increases to level 10!
Your Armour skill increases to level 6!
Your Dodging skill increases to level 6!
You barely miss the death yak. You hit the death yak but do no damage.
The river rat closely misses you. The rat misses you. The death yak gores you.
You sock the death yak!
The death yak is lightly wounded.
You hit the death yak.
The death yak is moderately wounded.
The river rat bites you but does no damage.
The rat barely misses you.
You sock the river rat!
The river rat is almost dead.
The rat bites you but does no damage. The death yak barely misses you.
You sock the rat!
You kill the rat!
Trog accepts your kill. The quokka closely misses you.
You barely miss the death yak.
The death yak is lightly wounded.
You are no longer berserk.
You are exhausted.
You feel yourself slow down.
The death yak gores you but does no damage.
The quokka barely misses you.
Okay, then.
Your skin crawls.
You feel strong-willed. The quokka bites you. The death yak gores you!
The death yak barely misses you. The death yak attacks as you move away!
The death yak gores you!!
* * * LOW HITPOINT WARNING * * *
The quokka closely misses you. The death yak closely misses you.
Found 23 stones.
The death yak closely misses you.
Found a scroll of identify and 6 stones.
The death yak gores you!
* * * LOW HITPOINT WARNING * * *
The death yak attacks as you move away! The death yak gores you!
You die...

#.# #........###...###.#
#.# #.##.##..# #..##
#.########.##†###.#
#..#** * #..##........>#
#.# #... ##.##.........#
#.# ##+## *
#.##.##...#..# #.#* * *
#.##.###..#..# #.# .,,**
#.##.# #..#.r###.#...., ,
,
.##.##.###....YY@.......
**
....).........rr........,
', ,,
.##.##.###.#†..####....?
, * , *#$##.........#
...( ** ..######.#####
.(., *, *#..., ...,, ..
#... ..., , *+
#.#......,,, * *#. .....
, , * , ,


You could see 2 death yaks, a river rat, a quokka and a rat.

Vanquished Creatures
  A death yak (D:8)
  2 ice beasts
  3 black bears
  A centaur (D:8)
  A phantom (D:6)
  3 killer bees (D:8)
  A jelly (D:6)
  An orc priest (D:7)
  8 orc wizards
  An iguana (D:6)
  5 adders
  3 gnolls
  A river rat (D:8)
  A white imp (D:7)
  2 dart slugs (D:1)
  23 orcs
  A ball python (D:2)
  3 endoplasms
  A giant cockroach (D:2)
  3 hobgoblins
  A kobold (D:2)
  4 quokkas
  3 bats
  A frilled lizard (D:2)
  2 goblins (D:1)
  2 rats (D:8)
78 creatures vanquished.

Vanquished Creatures (others)
  8 plants (D:2)
8 creatures vanquished.

Grand Total: 86 creatures vanquished

Notes
Turn   | Place    | Note
-------+----------+-------------------------------------------
     0 | D:1      | Illumine the Meteoran Berserker began the quest for the
                  | Orb.
     0 | D:1      | Reached XP level 1. HP: 19/19 MP: 2/2
    52 | D:1      | Reached XP level 2. HP: 26/26 MP: 3/3
   201 | D:2      | Reached XP level 3. HP: 11/31 MP: 4/4
   212 | D:2      | Gained mutation: Your system is resistant to poisons.
                  | (rPois) [potion of mutation]
   213 | D:2      | HP: 1/31 [adder (1)]
   341 | D:2      | Reached skill level 5 in Maces & Flails
   341 | D:2      | Reached XP level 4. HP: 40/40 MP: 5/5
   462 | D:2      | Reached XP level 5. HP: 42/46 MP: 6/6
   474 | D:3      | HP: 2/69 [frozen (4)]
   492 | D:3      | Found Pas Jom's Armour Shop.
   530 | D:3      | Found Fopoexul's Jewellery Shoppe.
   547 | D:3      | Found Fofal's Distillery.
   555 | D:3      | Bought a potion of curing for 30 gold pieces
   563 | D:3      | Noticed Sigmund
   609 | D:4      | Found Tug Wudi's Antique Weapon Shop.
   634 | D:4      | Noticed a black bear
   637 | D:5      | Entered Level 5 of the Dungeon
   697 | D:5      | Reached ** piety under Trog
   704 | D:5      | HP: 3/69 [orc/+2 vorpal mace (7)]
   706 | D:5      | HP: 1/69 [orc/+0 hand axe (1)]
   786 | D:5      | Found a transporter.
   788 | D:5      | Noticed Caerwyn's ghost (novice VSFi)
   809 | D:5      | Found a transporter.
   837 | D:5      | Reached XP level 6. HP: 44/52 MP: 7/7
   910 | D:6      | Reached skill level 6 in Maces & Flails
   932 | D:6      | Noticed a black bear
   942 | D:6      | Killed a black bear
   971 | D:6      | Reached XP level 7. HP: 58/60 MP: 8/8
   999 | D:6      | Reached skill level 7 in Maces & Flails
  1025 | D:6      | Reached skill level 5 in Fighting
  1084 | D:6      | Reached XP level 8. HP: 66/68 MP: 9/9
  1133 | D:6      | Reached skill level 5 in Armour
  1154 | D:6      | Reached skill level 5 in Dodging
  1185 | D:7      | Reached skill level 8 in Maces & Flails
  1200 | D:7      | Found Zijoil Huits's Distillery.
  1360 | D:8      | Noticed a death yak
  1402 | D:8      | Reached skill level 9 in Maces & Flails
  1402 | D:8      | Gained mutation: You passively map the area around you.
                  | [Meteoran growth]
  1402 | D:8      | Reached XP level 9. HP: 35/75 MP: 10/10
  1436 | D:8      | Found a staircase to the Lair.
  1444 | D:8      | Noticed a death yak
  1445 | D:8      | Noticed a death yak
  1453 | D:8      | Killed a death yak
  1454 | D:8      | Reached skill level 10 in Maces & Flails
  1465 | D:8      | Mangled by a death yak

Illustrated notes

Levels and vault maps discovered:
D:1:      minmay_arrival_wavy_path, layout_rooms, serial_glass, glass_columns_a,
          glass_columns_a
D:2:      layout_loops_ring, serial_bayou, serial_bayou_shore_b,
          serial_bayou_pond_c, serial_bayou_shore_a, serial_bayou_lagoon_a,
          chequers_serial_rivers_large_a
D:3:      layout_loops_ring, chequers_ecumenical_altar_twisty, serial_shops,
          nicolae_shop_waterfront, nicolae_shop_statue_plus, nicolae_shop_stone,
          nicolae_shop_advertising_works [nicolae_subvault_shop_adworks],
          nicolae_shop_hallway_plus, uniq_sigmund
D:4:      layout_gridville, serial_shops, nicolae_stop_n_shop_1, nrook_uturn,
          minivault_27
D:5:      layout_gridville, kennysheep_little_box, gammafunk_ghost_mausoleum
D:6:      layout_loops_ring
D:7:      layout_loops_corners, cheibriados_altar_1, minmay_temple_entry_mist,
          serial_shops, shop_statue, nicolae_shop_bloodbath_and_beyond, shop
D:8:      layout_loops_corners, nicolae_ru_awakened_eye,
          nicolae_overflow_squiral, dpeg_lair_monsters, minmay_misc_feat_chi

Skill      XL: |  1  2  3  4  5  6  7  8  9 |
---------------+----------------------------+-----
Dodging        | 3 4 5 6 |  6.5
Maces & Flails | 5 6 7 9 10 | 10.1
Armour         | 3 4 5 6 |  6.5
Fighting       | 4 5 6 |  6.4

Action                   |  1- 3 |  4- 6 |  7- 9 || total
-------------------------+-------+-------+-------++-------
Melee: Mace              |    57 |    90 |   170 ||   317
       Punch             |     1 |       |     1 ||     2
Throw: Dart              |     2 |       |       ||     2
Invok: Berserk           |     1 |     3 |     2 ||     6
       Trog's Hand       |       |       |     2 ||     2
  Use: Potion            |     2 |     1 |       ||     3
       Scroll            |       |       |     4 ||     4
Armor: Animal skin       |    17 |     7 |       ||    24
       Scale mail        |       |    12 |    80 ||    92
Dodge: Dodged            |    41 |    44 |    68 ||   153

Table legend: (Time is in decaauts)
 A = Elapsed time spent in this place.
 B = Non-inter-level travel time spent in this place.
 C = Inter-level travel time spent in this place.
 D = Time resting spent in this place.
 E = Time spent auto-exploring this place.
 F = Levels seen in this place.
 G = Mean time per level.
                   A        B        C        D        E       F      G
               +--------+--------+--------+--------+--------+-----+--------+
         Total |   1537 |   1517 |     20 |     79 |    243 |   8 |  192.1 |
       Dungeon |   1537 |   1517 |     20 |     79 |    243 |   8 |  192.1 |
               +--------+--------+--------+--------+--------+-----+--------+

Top non-repeatable levels by time:
     D:6: 351 daAuts
     D:2: 314 daAuts
     D:5: 228 daAuts
     D:8: 219 daAuts
     D:1: 183 daAuts
     D:3: 159 daAuts
     D:7: 53 daAuts
     D:4: 28 daAuts
